 Dungeon Crawl Stone Soup version 0.24.0-13-gcf9b3192b9 (webtiles) character file.

Game seed: 6973168847470166812, levelgen mode: deterministic

133 Brecoman the Caller (level 4, 0/33 HPs)
             Began as a Mummy Summoner on Nov 10, 2019.
             Killed from afar by Sigmund (7 damage)
             ... with a magic dart
             ... on level 3 of the Dungeon.
             The game lasted 00:08:25 (2952 turns).

Brecoman the Caller (Mummy Summoner)                Turns: 2952, Time: 00:08:26

Health: 0/33       AC:  7    Str: 11    XL:     4   Next: 94%
Magic:  7/9        EV: 11    Int: 15    God:
Gold:   116        SH:  0    Dex: 12    Spells: 7/10 levels left

rFire    . . .     SeeInvis .   d - +2 dagger (venom)
rCold    + . .     Gourm    .   (no shield)
rNeg     + + +     Faith    .   l - +3 leather armour
rPois    ∞         Spirit   .   (no helmet)
rElec    .         Reflect  .   (no cloak)
rCorr    .         Harm     .   h - +0 pair of gloves
MR       .....                  (no boots)
Stlth    +.........             (no amulet)
HPRegen  0.11/turn              i - ring of protection from fire
MPRegen  0.11/turn              (no ring)

@: no status effects
A: no food or potions, fire vulnerability, cold resistance 1, negative energy
resistance 3, torment resistance, unbreathing
a: no special abilities


You were on level 3 of the Dungeon.
You were not hungry.

You visited 1 branch of the dungeon, and saw 3 of its levels.

You collected 116 gold pieces.

Inventory:

Hand Weapons
 c - a +0 whip
 d - a +2 dagger of venom (weapon)
 o - a cursed -3 dagger
Missiles
 g - 95 stones (quivered)
Armour
 a - a +0 buckler
 b - a +0 chain mail
 e - a +0 leather armour
 h - a +0 pair of gloves (worn)
 l - a +3 leather armour (worn)
Jewellery
 i - a ring of protection from fire (left hand)
 k - a cursed amulet of inaccuracy {unknown}
Scrolls
 f - 3 scrolls of identify {unknown}
 j - 2 scrolls of teleportation
 m - 2 scrolls of fog {unknown}
 n - a scroll of amnesia {unknown}
 p - a scroll of remove curse
 q - a scroll of blinking {unknown}


   Skills:
 + Level 2.0 Fighting
 - Level 1.5 Dodging
 - Level 1.5 Stealth
 + Level 0.6 Shields
 + Level 3.9 Spellcasting
 * Level 4.2 Summonings


You had 7 spell levels left.
You knew the following spells:

 Your Spells              Type           Power        Failure   Level  Hunger
a - Summon Small Mammal   Summ           ###.         4%          1    N/A
b - Call Imp              Summ           ###.....     6%          2    N/A

Your spell library contained the following spells:

 Spells                   Type           Power        Failure   Level  Hunger
 Call Canine Familiar     Summ           ###.....     12%         3    N/A
 Summon Guardian Golem    Hex/Summ       #.......     30%         3    N/A
 Summon Ice Beast         Ice/Summ       #.......     69%         4    N/A
 Summon Lightning Spire   Summ/Air       #.......     69%         4    N/A

Dungeon Overview and Level Annotations

Branches:
Dungeon (3/15)

Altars:
The Shining One

Annotations:
D:3 Sigmund


Innate Abilities, Weirdness & Mutations

You do not eat or drink.
Your flesh is vulnerable to fire.
You are immune to poison.
Your flesh is cold resistant. (rC+)
You are immune to negative energy. (rN+++)
You are immune to unholy pain and torment.
You can survive without breathing.


Message History

Your white imp closely misses you.
Your white imp misses your crimson imp.
Something barely misses your crimson imp.
Your white imp completely misses something.
Your crimson imp disappears in a puff of smoke!
Casting: Call Imp (safe; 6% risk of failure)
Confirm with . or Enter, or press ? or * to list all spells.
A beastly little devil appears in a puff of flame.
Something hits your crimson imp!
Sigmund appears from thin air!
Reactivating autopickup.
Sigmund smiles chillingly.
Your crimson imp hits Sigmund.
Sigmund points at you and mumbles some strange words.
The magic dart hits you.
* * * LOW HITPOINT WARNING * * *
Your crimson imp closely misses Sigmund.
Sigmund casts a spell at you. The magic dart hits you!
You die...

....)..########
########.#######
.##..#.############# #..#
.##..#.............# ##.#
.##..)############## #.#
###.#..# #.##
.##.##.######## #.(#
..%...........### ##)#
#####..######.<)## #.#
#...## ###.@##### #.# ##...#
###.....#####.#
####.#.#####....#........#
###........................#
....##.#.#####.##.#......>.#
######.#..# #..##.#...@5...#
#.##.# #.###.########.#
#.##.###.# #...# ###.#
#.##..##.#####.# #...#


You could see Sigmund and a friendly crimson imp.

Vanquished Creatures
  An iguana (D:2)
  2 adders
  An ooze (D:2)
  A worm (D:3)
  A dart slug (D:2)
  5 orcs (D:3)
  6 bats
  2 giant cockroaches
  4 goblins (D:1)
  5 hobgoblins
  3 quokkas (D:2)
  A frilled lizard (D:2)
  7 kobolds
  4 rats
  A plant (D:1)
44 creatures vanquished.

Vanquished Creatures (collateral kills)
  A worker ant zombie (D:2)
  2 adders
  A worm (D:2)
  A goblin (D:3)
  A kobold (D:2)
  A rat (D:2)
7 creatures vanquished.

Grand Total: 51 creatures vanquished

Notes
Turn   | Place    | Note
-------+----------+-------------------------------------------
     0 | D:1      | Brecoman the Mummy Summoner began the quest for the Orb.
     0 | D:1      | Reached XP level 1. HP: 13/13 MP: 4/4
   565 | D:1      | Reached XP level 2. HP: 12/20 MP: 6/6
   742 | D:1      | Learned a level 2 spell: Call Imp
  1273 | D:2      | Reached skill level 1 in Fighting
  1273 | D:2      | Reached XP level 3. HP: 7/26 MP: 1/7
  1874 | D:2      | Reached skill level 4 in Summonings
  1888 | D:2      | Reached XP level 4. HP: 32/32 MP: 9/9
  2162 | D:2      | Found a glowing golden altar of the Shining One.
  2655 | D:3      | Noticed Sigmund
  2952 | D:3      | Killed from afar by Sigmund

Levels and vault maps discovered:
D:1:      roderic_crop_circles_arrival_small, layout_loops_ring
D:2:      layout_loops_ring, nicolae_tso_swordbearing_angel, first_ration
D:3:      layout_rooms, uniq_sigmund

Skill      XL: |  1  2  3  4 |
---------------+-------------+-----
Spellcasting   | 3 |  3.9
Fighting       | 1 2 |  2.0
Summonings     | 4 |  4.2
Dodging        | |  1.5
Stealth        | |  1.5
Shields        | |  0.6

Action                   |  1- 3 |  4- 6 || total
-------------------------+-------+-------++-------
Melee: Unarmed           |   184 |       ||   184
       Whip              |    39 |       ||    39
       Dagger            |    59 |    55 ||   114
 Cast: Call Imp          |     5 |     8 ||    13
       Summon Small Mamm |     1 |       ||     1
  Use: Scroll            |       |     2 ||     2
 Stab: Sleeping          |     2 |     2 ||     4
Armor: Chain mail        |    67 |       ||    67
       Leather armour    |    13 |    24 ||    37
Dodge: Dodged            |    54 |    19 ||    73
